 Dungeon Crawl Stone Soup version 0.25.1-2-g60ff931df9 (webtiles) character file.

Game seed: 14780808882814852084

30 raphaelitos the Slasher (level 3, 0/43 HPs)
             Began as a Human Berserker on Oct 2, 2020.
             Was a Believer of Trog.
             Succumbed to an adder's poison
             ... on level 1 of the Dungeon.
             The game lasted 00:02:17 (1049 turns).

raphaelitos the Slasher (Human Berserker)           Turns: 1049, Time: 00:02:17

Health: 0/43       AC: 21    Str: 20    XL:     3   Next: 35%
Magic:  3/3        EV:  2    Int:  5    God:    Trog [**....]
Gold:   69         SH:  0    Dex: 12    Spells: 2/2 levels left

rFire    . . .     SeeInvis .   b - +0 hand axe (vorpal)
rCold    . . .     Gourm    .   (no shield)
rNeg     + + +     Faith    .   (armour currently unavailable)
rPois    +         Spirit   .   (helmet currently unavailable)
rElec    .         Reflect  .   (cloak currently unavailable)
rCorr    .         Harm     .   (gloves currently unavailable)
MR       .....     NoTele   +   (boots currently unavailable)
Stlth    +.........             (no amulet)
HPRegen  0.14/turn              (no ring)
MPRegen  0.08/turn              (no ring)

@: lethally poisoned (0 -> -8), tree-form, hasted, very quick
A: dopey 1, strong 1, wild magic 1
a: Berserk, Trog's Hand, Renounce Religion


You were on level 1 of the Dungeon.
You worshipped Trog.
Trog was pleased with you.
You were hungry.
You were a tree.
You visited 1 branch of the dungeon, and saw 2 of its levels.

You collected 69 gold pieces.

Inventory:

Hand Weapons
 a - a +0 falchion
 b - a +0 vorpal hand axe (weapon)
Missiles
 l - 36 sling bullets
 p - 18 arrows
Armour
 d - a +1 scale mail (melded)
Jewellery
 k - an uncursed ring of poison resistance {unknown}
 n - an uncursed ring of flight {unknown}
Scrolls
 f - 3 scrolls of teleportation {unknown}
 h - a scroll of remove curse {unknown}
 o - a scroll of magic mapping {unknown}
Potions
 e - a potion of haste
 i - a potion of stabbing {unknown}
 m - a potion of heal wounds {unknown}
Comestibles
 c - 4 rations


   Skills:
 + Level 3.3 Fighting
 + Level 3.5 Long Blades
 + Level 2.1 Armour
 + Level 2.3 Dodging


You had 2 spell levels left.
You didn't know any spells.
Your spell library was empty.

Dungeon Overview and Level Annotations

Branches:
Dungeon (2/15)

Altars:


Innate Abilities, Weirdness & Mutations

((You have a pair of small horns on your head.))
You are dopey. (Int -2)
Your muscles are strong. (Str +2)
Your spells are a little harder to cast, but a little more powerful.


Message History

The adder bites you.
* * * LOW HITPOINT WARNING * * *
You are more poisoned.
The adder poisons you!
You climb upwards.
* * * LOW HITPOINT WARNING * * *
You feel sick.
There is a stone staircase leading down here.
It was a potion of haste.
You feel yourself speed up.
* * * LOW HITPOINT WARNING * * *
You feel sick. The goblin hits you but does no damage.
The adder bites you but does no damage.
It was a potion of mutation.
You feel extremely strange.
You feel less in control of your magic.
You feel stupid.
You feel stronger. A pair of horns grows on your head!
The adder closely misses you.
It was a potion of lignification.
You turn into a tree.
Your +1 scale mail melds into your body.
Your roots penetrate the ground.
You die...

#####
##'#####...)...#.#
....## #...#
#######.#.#######
##...#####.#
#.#.......#
##.....#...#
######.#######.# ##
##...#.#.###
#.........####.###.
.....#.#.#
#.........+.#....#.
.......#.#
#.........#.####.#.
.[....##.#
#.S............#.#.
.........#
#.♣............#.#.
##########
#.g........#.....#.
#
#..........###.###.
#
########.#.........
# #.#####.###. #
#.....#.#.#. #
#####.#.#... #
#.#.#.## #.#.#...


You could see an adder and a goblin.

Vanquished Creatures
  3 dart slugs (D:1)
  3 giant cockroaches (D:1)
  A goblin (D:1)
  5 hobgoblins (D:1)
  4 bats
  5 frilled lizards (D:1)
  A kobold (D:1)
  2 rats (D:1)
24 creatures vanquished.

Notes
Turn   | Place    | Note
-------+----------+-------------------------------------------
     0 | D:1      | raphaelitos the Human Berserker began the quest for the
                  | Orb.
     0 | D:1      | Reached XP level 1. HP: 18/18 MP: 1/1
   171 | D:1      | Reached XP level 2. HP: 19/24 MP: 2/2
   665 | D:1      | Reached XP level 3. HP: 29/29 MP: 3/3
  1034 | D:2      | Reached ** piety under Trog
  1047 | D:1      | HP: 1/29 [poisoned by an adder]
  1048 | D:1      | Gained mutation: Your spells are a little harder to cast,
                  | but a little more powerful. [potion of mutation]
  1048 | D:1      | Gained mutation: You are dopey. (Int -2) [potion of
                  | mutation]
  1048 | D:1      | Gained mutation: Your muscles are strong. (Str +2) [potion
                  | of mutation]
  1048 | D:1      | Gained mutation: You have a pair of small horns on your
                  | head. [potion of mutation]
  1049 | D:1      | Succumbed to an adder's poison

Illustrated notes

Levels and vault maps discovered:
D:1:      co_arrival_random_square_maze, layout_basic, minmay_small_reverse_x
D:2:      layout_rooms, marbit_many_paths, first_ration,
          nemelex_diamond_rough_becter

Action                   || total
-------------------------++-------
Melee: Falchion          ||    67
       Hand axe          ||    14
  Use: Scroll            ||     1
       Potion            ||     3
Armor: Scale mail        ||    50
Dodge: Dodged            ||    63
       Rpst.: Falchion   ||     9
